Cogmind - Beta 13 @@@ ROGUE MODE // 2024.03.31 @ 02:18:29 Player: Eliza Result: Destroyed by as-83037 with Assembled Heavy Rifle Performance ------------- Evolutions (1) 500 Regions Visited (3) 600 Robots Destroyed (13) 65 Value Destroyed (349) 349 Prototype IDs (1) 20 Alien Tech Used (0) 0 Bonus (0) 0 TOTAL SCORE: 1534 Bonus ------- None Cogmind --------- Core Integrity 0/400 Matter 289/400 Energy 275/275 System Corruption 0% Temperature Cool (16) Movement Rolling (80) Location -9/Mines Parts ------- > --- POWER (2) -------- Ion Engine Light Ion Engine > --- PROPULSION (3) --- Light Treads Wheel Wheel > --- UTILITY (2) ------ Medium Matter Pod Improved Targeting Computer > --- WEAPON (2) ------- Light Assault Rifle Rocket Launcher > --- INVENTORY (5) ---- Heat Sink Light Armor Plating Rocket Launcher Improved Datajack Peak State ------------ > --- POWER ------------ Light Ion Engine > --- PROPULSION ------- Light Treads Improved Treads Improved Treads > --- UTILITY ---------- Small Matter Pod Improved Targeting Computer > --- WEAPON ----------- EM Shotgun Improved Assault Rifle > --- INVENTORY -------- Heavy Assault Rifle Rocket Launcher Rocket Launcher Mining Laser [Rating: 14] Favorites ----------- Power Light Ion Engine Engine Light Ion Engine Propulsion Light Treads Treads Light Treads Wheel Wheel Utility Improved Targeting Computer Storage Small Matter Pod Processor Improved Targeting Computer Weapon Improved Assault Rifle Energy Gun EM Shotgun Ballistic Gun Improved Assault Rifle Launcher Rocket Launcher Special Weapon Mining Laser Slashing Weapon Katana Build | -11 -10 -9 -9 ------- Run | Yrd Mat Mat Min Slots Evolved 2 | . . 2 . Power 1 | . . 1 . Propulsion 1 | . . 1 . Utility . | . . . . Weapon . | . . . . Parts Attached 26 | 4 2 18 2 Power 4 | . 1 2 1 Engine 4 | . 1 2 1 Core . | . . . . Reactor . | . . . . Propulsion 8 | 2 . 6 . Treads 6 | 2 . 4 . Leg . | . . . . Wheel 2 | . . 2 . Hover . | . . . . Flight . | . . . . Utility 3 | . . 3 . Device . | . . . . Storage 2 | . . 2 . Processor 1 | . . 1 . Hackware . | . . . . Protection . | . . . . Artifact . | . . . . Weapon 11 | 2 1 7 1 Energy Gun 1 | . . 1 . Energy Cannon . | . . . . Ballistic Gun 5 | 2 . 3 . Ballistic Cannon . | . . . . Launcher 3 | . 1 1 1 Special Weapon 1 | . . 1 . Impact Weapon . | . . . . Slashing Weapon 1 | . . 1 . Piercing Weapon . | . . . . Special Melee Weapon . | . . . . Unidentified Prototypes 1 | . . 1 . Parts Lost 10 | . . 10 . Power 1 | . . 1 . Propulsion 3 | . . 3 . Utility 1 | . . 1 . Weapon 5 | . . 5 . Highest Loss Streak 9 | . . 9 . To Critical Strikes . | . . . . Average Slot Usage (%) 73 | . 63 74 92 Engine 11 | . 6 12 22 Treads 20 | . 28 19 11 Wheel 5 | . . 6 22 Storage 6 | . . 8 11 Processor 6 | . . 7 11 Energy Gun 1 | . . 1 . Ballistic Gun 11 | . 16 10 11 Launcher 6 | . 11 4 3 Special Weapon 2 | . . 3 . Naked Turns . | . . . . Heaviest Build 15 | 3 8 12 15 Greatest Support 66 | 40 40 66 20 Greatest Overweight (x) 1 | . . 1 . Average Overweight (x) . | . . . . Largest Inventory Capacity 5 | 5 5 5 5 Average Capacity 5 | 5 5 5 5 Most Carried 5 | 2 3 5 5 Average Carried 3 | . 1 4 4 Final Capacity 5 | 5 5 5 5 Final Carried 5 | . 3 5 4 Class Distribution -------------------- 70% | Mutant 29% | Scavenger-Mutant Dominant Class ---------------- Mutant | -10/Materials Mutant | -9/Materials Scavenger-Mutant | -9/Mines Resources | -11 -10 -9 -9 ----------- Run | Yrd Mat Mat Min Matter Collected 552 | 97 10 445 . Remotely . | . . . . Salvage Created 378 | . 21 354 3 Parts 27 | . 5 22 . Haulers Intercepted . | . . . . Recyclers Shooed . | . . . . Parts Field Recycled . | . . . . Retrieved Matter . | . . . . Parts Self-Destructed . | . . . . Prevented . | . . . . Kills | -11 -10 -9 -9 ------- Run | Yrd Mat Mat Min Combat Hostiles Destroyed 13 | . 3 9 1 Melee 1 | . . 1 . Guns 7 | . . 7 . Cannons 1 | . . 1 . AOE 4 | . 3 . 1 Classes Destroyed 6 | . 1 4 1 Recycler 1 | . . 1 . Swarmer 5 | . 3 2 . Grunt 4 | . . 4 . Duelist 1 | . . 1 . Sentry 2 | . . 2 . Assembled 1 | . . . 1 Best Kill Streak 6 | . 3 6 1 Combat Bots Only 6 | . 3 6 1 Max Kills in Single Turn 3 | . 3 1 1 Gunslinging . | . . . . Exploded 3 | . 3 . 1 Melee 1 | . . 1 . Uniques/NPCs Destroyed . | . . . . Combat | -11 -10 -9 -9 -------- Run | Yrd Mat Mat Min Hostile Shots Fired 178 | . 23 150 5 Missed 38 | . 6 31 1 Damage Taken 1605 | . 142 1407 56 Core 418 | . 16 367 35 Absorbed by Shields . | . . . . Regen/Repaired (Parts) 82 | . . 82 . Core Remaining (%) 96 | 100 93 . . Volleys Fired 41 | 2 9 28 2 Largest 2 | 2 2 2 2 Hottest 100 | 40 50 100 53 Shots Fired 64 | 4 10 46 4 Gun 57 | 4 9 42 2 Cannon . | . . . . Launcher 4 | . 1 1 2 Special 3 | . . 3 . Kinetic 50 | 4 9 35 2 Thermal 3 | . . 3 . Explosive 4 | . 1 1 2 Electromagnetic 7 | . . 7 . Robot Hit Streak 13 | 2 3 13 . Robot Miss Streak 2 | . 2 1 . Penetration Max . | . . . . Secondary Targets . | . . . . Shots Hit Robots 48 | 2 5 41 . Core Hits 20 | 1 3 14 2 Critical Kills . | . . . . Critical Parts Destroyed . | . . . . Critical Strikes 1 | . . 1 . Sever 1 | . . 1 . Melee Attacks 8 | . . 8 . Impact . | . . . . Slashing 8 | . . 8 . Piercing . | . . . . Sneak Attacks . | . . . . Combat Hostiles . | . . . . Follow-up Attacks . | . . . . Damage Inflicted 1064 | 18 169 812 65 Guns 566 | 18 57 491 . Cannons . | . . . . Explosions 231 | . 112 54 65 Melee 195 | . . 195 . Ramming . | . . . . Kinetic 488 | 18 57 413 . Thermal 72 | . . 72 . Explosive 231 | . 112 54 65 Electromagnetic 78 | . . 78 . Impact . | . . . . Slashing 195 | . . 195 . Piercing . | . . . . Highest Corruption . | . . . . Average Corruption . | . . . . Corruption Purged . | . . . . Corruption Blocked . | . . . . Overload Shots . | . . . . Overflow Damage 13 | . . 13 . Projectiles . | . . . . Explosions . | . . . . Melee 13 | . . 13 . Knockbacks . | . . . . Impact . | . . . . Kinetic . | . . . . Secondary . | . . . . Self-Inflicted Damage . | . . . . Shots . | . . . . Rammed . | . . . . Targets Rammed . | . . . . Kicked . | . . . . Crushed . | . . . . Highest Temperature 34 | . . 34 16 Average Temperature 12 | . . 12 12 Received Heat Transfer 423 | . 6 417 . Siege Activations . | . . . . Robots Corrupted . | . . . . Combat Hostiles . | . . . . Parts Fried . | . . . . Impact Corruptions . | . . . . Robots Melted . | . . . . Combat Hostiles . | . . . . Parts Melted . | . . . . Heat Transferred 150 | . . 150 . Parts Sabotaged . | . . . . Parts Stolen . | . . . . Parts Stripped . | . . . . Power Chain Reactions . | . . . . Alert | -11 -10 -9 -9 ------- Run | Yrd Mat Mat Min Peak Influence 245 | . 124 245 56 Initial 52 | . . 52 25 Average 81 | . 69 101 26 Maximum Alert Level 1 | . . 1 . Low Security (%) 89 | 100 100 83 100 Level 1 10 | . . 16 . Level 2 . | . . . . Level 3 . | . . . . Level 4 . | . . . . Level 5 . | . . . . High Security . | . . . . Max Security . | . . . . Squads Dispatched 1 | . 1 . . Investigation . | . . . . Extermination . | . . . . Reinforcement 1 | . 1 . . Assault . | . . . . Garrison . | . . . . Intercept . | . . . . Searches Triggered . | . . . . Construction Impeded . | . . . . Haulers Reinforced . | . . . . Active Scanning Responses . | . . . . Cargo Convoy Interrupts . | . . . . Stealth | -11 -10 -9 -9 --------- Run | Yrd Mat Mat Min Distress Signals 2 | . 1 1 . Communications Jammed . | . . . . Distress Signals . | . . . . Times Spotted 32 | . 8 21 3 Peak Tracking Total 9 | . 4 7 9 Tactical Retreats 2 | . 1 1 . Traps | -11 -10 -9 -9 ------- Run | Yrd Mat Mat Min Traps Triggered . | . . . . Indirectly . | . . . . Trap Hack Attempts . | . . . . Triggered . | . . . . Disarmed . | . . . . Reprogrammed . | . . . . Reused . | . . . . Traps Extracted . | . . . . Installed . | . . . . Triggered . | . . . . Machines | -11 -10 -9 -9 ---------- Run | Yrd Mat Mat Min Machines Disabled 2 | . . 1 1 Max in Single Turn 1 | . . 1 1 Machines Repaired . | . . . . Machines Dismantled . | . . . . Machines Sabotaged . | . . . . Overloaded Fab Kills . | . . . . Hacking | -11 -10 -9 -9 --------- Run | Yrd Mat Mat Min Machines Accessed 4 | . 1 3 . Terminals 2 | . 1 1 . Fabricators . | . . . . Repair Stations 1 | . . 1 . Recycling Units 1 | . . 1 . Scanalyzers . | . . . . Garrison Access . | . . . . Total Hacks 11 | . 3 8 . Successful 9 | . 2 7 . Failed 2 | . 1 1 . Catastrophic 1 | . 1 . . Database Lockouts . | . . . . Manual 1 | . . 1 . Terminals 7 | . 3 4 . Fabricators . | . . . . Repair Stations 2 | . . 2 . Recycling Units 2 | . . 2 . Scanalyzers . | . . . . Garrison Access . | . . . . Terminal Hacks 5 | . 2 3 . Record 3 | . 1 2 . Alert Level 2 | . 1 1 . Fabricator Hacks . | . . . . Repair Station Hacks 2 | . . 2 . Scan Component 1 | . . 1 . Repair 1 | . . 1 . Recycling Unit Hacks 2 | . . 2 . Process 1 | . . 1 . Report Inventory 1 | . . 1 . Scanalyzer . | . . . . Garrison Access Hacks . | . . . . Unauthorized Hacks . | . . . . Terminals . | . . . . Fabricators . | . . . . Repair Stations . | . . . . Recycling Units . | . . . . Scanalyzers . | . . . . Garrison Access . | . . . . Data Cores Recovered . | . . . . Used . | . . . . Hacking Detections 2 | . 1 1 . Full Trace Events . | . . . . Feedback Events . | . . . . Feedback Blocked . | . . . . Robot Schematics Acquired . | . . . . Robots Built . | . . . . Authchips . | . . . . Time . | . . . . Total Robot Build Rating . | . . . . Part Schematics Acquired . | . . . . Parts Built . | . . . . Authchips . | . . . . Time . | . . . . Total Part Build Rating . | . . . . Parts Repaired 1 | . . 1 . Time 26 | . . 26 . Parts Recycled . | . . . . Recycled Matter 135 | . . 135 . Retrieved Matter . | . . . . Retrieved Components . | . . . . Parts Scanalyzed . | . . . . Part Schematics Acquired . | . . . . Parts Damaged . | . . . . Bothacking | -11 -10 -9 -9 ------------ Run | Yrd Mat Mat Min Used RIF Installer . | . . . . Robots Hacked . | . . . . Non-combat . | . . . . Combat . | . . . . Robot Hacks Applied . | . . . . Relay Couplers Released . | . . . . Fabnet Peak Effective % . | . . . . Robots Rewired . | . . . . Allies Hacked . | . . . . Hacks Repelled . | . . . . Allies | -11 -10 -9 -9 -------- Run | Yrd Mat Mat Min Total Allies . | . . . . Largest Group . | . . . . Highest-Rated Group . | . . . . Highest-Rated Ally . | . . . . Total Orders . | . . . . Ally Attacks . | . . . . Total Damage . | . . . . Kills . | . . . . Allies Corrupted . | . . . . Allies Melted . | . . . . Intel | -11 -10 -9 -9 ------- Run | Yrd Mat Mat Min Robot Analysis Total . | . . . . Derelict Logs Recovered . | . . . . Drone Launches . | . . . . Drone Recoveries . | . . . . Exploration | -11 -10 -9 -9 ------------- Run | Yrd Mat Mat Min Turns Passed 865 | 64 191 546 64 Spaces Moved 479 | 34 104 297 44 Core 9 | 3 . 6 . Treads 338 | 31 104 177 26 Legs . | . . . . Wheels 132 | . . 114 18 Hover . | . . . . Flight . | . . . . Fastest Speed 50 | 50 160 50 80 Average Speed 136 | 150 160 127 127 Slowest Speed 160 | 160 160 160 160 Overloaded Moves . | . . . . Propulsion Burnouts . | . . . . Robots Hopped . | . . . . Cave-ins Triggered . | . . . . Exploration Rate (%) 15 | 4 20 24 12 Regions Visited 3 Branch Regions 1 Pre-discovered Areas . | . . . . Known Exits Taken . | . . . . Unknown Exits Taken 3 | 1 1 1 . Scrap Searched . | . . . . Spaces Dug . | . . . . Terrain Destroyed 32 | . 8 7 17 Melee . | . . . . Projectile . | . . . . AOE 32 | . 8 7 17 Terrain Rammed . | . . . . Walls Destroyed . | . . . . Machines Disabled . | . . . . Actions | -11 -10 -9 -9 --------- Run | Yrd Mat Mat Min Total 614 | 43 119 403 49 Wait 26 | . . 26 . Move 476 | 33 103 296 44 Hop . | . . . . Pick Up 29 | 4 4 21 . Fast Attach 1 | . . 1 . Attach 24 | 4 2 17 1 Detach 1 | . 1 . . Swap 1 | . . . 1 Drop 7 | . . 6 1 Fire 41 | 2 9 28 2 Melee 8 | . . 8 . Ram . | . . . . Kick . | . . . . Crush . | . . . . Escape Stasis . | . . . . Rewire . | . . . . Trap . | . . . . Miscellaneous . | . . . . Route ------- -11/Scrapyard -10/Materials -9/Materials -9/Mines History --------- Turn | Location | Event 21 | -11/Scrapyard | Discovered new exit (range 15) 65 | -11/Scrapyard | Entered Materials 245 | -10/Materials | Discovered new exit (range 5) 256 | -10/Materials | Entered another Materials area 256 | -9/Materials | Evolved 2 slots: Power x1, Propulsion x1 316 | -9/Materials | Build established: Mutant 608 | -9/Materials | Core integrity fell below 50% 635 | -9/Materials | Core integrity fell below 20% 656 | -9/Materials | Lost 9 parts (1p3n1u4w) 741 | -9/Materials | Discovered new exit (range 5) 781 | -9/Materials | Repaired Lgt. Treads 802 | -9/Materials | Entered Mines 834 | -9/Mines | Assembled infested the area 866 | -9/Mines | Destroyed by as-83037 with Assembled Heavy Rifle Last Messages --------------- Scanning Lgt. Treads... Ready to Repair: Lgt. Treads Rating: 1 Time: 26 >>Repair Repairing Lgt. Treads... ETC: 26 Repair station completes Lgt. Treads repairs. Connecting with Repair Station... Acquired Lgt. Treads. Mining Laser destroyed. LOCATION=UNKNOWN GOAL=ESCAPE Something is scanning the area. Dropped Ion Engine. ALERT: Infestation in the mines, dispatching Demolisher response squad. as-81302 destroyed. Core Extractor disabled. Map ----- +----------------------------------------------------+ | ?????????????????????????????????????????????????? | | ?????????????????????????????????????????????????? | | ?????????????????????????????????????????????????? | | ?????????????????????????????????????????????????? | | ?????????????????????????????????????????????????? | | ?????????????????????????????????????????????????? | | ???????????????????????????????????#?????????????? | | ?????????????????????????????????? ?????????????? | | ?????????????????????????###???? #?????????????? | | ????????????????????????? #??? ###???????????? | | ????????????????????????? ????????????? | | ????????????????????????? "" ??????????????? | | ????????????????????????? "" ???????????????? | | ?????????????????????????# "" ????????????????? | | ?????????????????????????# a ?????????????????? | | ???????????????????????### ??????????????????? | | ????????????????????#### #???????????????????? | | ????????????????????# #????????????????????? | | ????????????????????# #?????????????????????? | | #####??????????????## %#?????????????????????? | | =! ##?????????????# #?????????????????????? | | ##???########## #?????????????????????? | | ##### ##?????????????????????? | | #??????????????????????? | | # ######## #??????????????????????? | | ## *! ########??????## @#??????????????????????? | | ?## #??????????????## ##??????????????????????? | | ??## ##???????????????# #???????????????????????? | | ???###????????????????# #???????????????????????? | | ??????????????????????# #???????????????????????? | | ??????????????????????# #???????????????????????? | | ??????????????????????# #???????????????????????? | | ??????????????????????# ???????????????????????? | | ??????????????????????####???????????????????????? | | ?????????????????????????????????????????????????? | | ?????????????????????????????????????????????????? | | ?????????????????????????????????????????????????? | | ?????????????????????????????????????????????????? | | | | | | | | | | | | | | | | | | | | | | | | | +----------------------------------------------------+ Best States ------------- Heat Dissipation 28 Energy Generation 15 Energy Capacity 275 Matter Stores 339 Matter Capacity 400 Sight Range 16 Terrain Scan Density 10 Evasion (%) 50 Targeting Accuracy 6 Recoil Reduction 3 Item Schematics ----------------- None Robot Schematics ------------------ None Fabricated ------------ Nothing Alien Tech Used ----------------- None Achievements -------------- None Challenges ------------ None Game ------ Seed CoordinationGatlingSheargun Manual? 0 Play Time 00:14:51 Cumulative 0.5 hours Start 2024.03.31 @ 02:04:35 End 2024.03.31 @ 02:18:29 Sessions 1 Manual Loads 0 Difficulty Rogue Special Mode None Game No. 2 Rogue 2 Adventurer 0 Explorer 0 Win Type - Total 0 Types 0/0/0/0/0/0/0/0/0 Lore% 0 Gallery% 2 Achievement% 100 Wizard Run 0 Options --------- Layout 2 ASCII 0 Keyboard 0 Movement Mouse Keybinds 0 Fullscreen 1 Font 32/SmallcapsGlow Map View 50x44 Zoom Use 0% Tactical HUD 0 Map Filters NONE Filters NONE Steam 1 RUN: a291adf1-99f7-45cc-a286-22d161f22586